 Dungeon Crawl Stone Soup version 0.31-a0-303-gdc8c9485ea (webtiles) character file.

Game seed: 13562051587615670353

348 BrainTurd the Shooter (level 6, -1/50 HPs)
             Began as a Hill Orc Hunter on July 17, 2023.
             Was an Initiate of Beogh.
             Slain by a lemure (8 damage)
             ... led by Pikel
             ... on level 4 of the Dungeon.
             The game lasted 00:27:01 (2711 turns).

BrainTurd the Shooter (Hill Orc Hunter)             Turns: 2711, Time: 00:27:01

Health: -1/50      AC:  4    Str: 14    XL:     6   Next: 60%
Magic:  15/15      EV: 12    Int: 11    God:    Beogh [......]
Gold:   248        SH:  0    Dex: 22    Spells: 1/5 levels left

rFire   . . .        a - +0 shortbow
rCold   . . .        (shield currently unavailable)
rNeg    . . .        q - +1 leather armour "Hisutu Bohua" {rPois Regen+ Int+2}
rPois   +            (no helmet)
rElec   .            (no cloak)
rCorr   .            (no gloves)
SInv    .            (no boots)
Will    .....        (no amulet)
Stlth   ++           r - +6 ring of dexterity
HPRegen 1.08/turn    j - ring of magical power
MPRegen 0.14/turn

%: no passive effects
@: no status effects
A: no striking features
a: Renounce Religion


You were on level 4 of the Dungeon.
You worshipped Beogh.
Beogh was noncommittal.
You visited 1 branch of the dungeon, and saw 4 of its levels.

You collected 248 gold pieces.

Inventory:

Hand Weapons
 a - a +0 shortbow (weapon)
 c - the +12 dagger "Leuv" {heavy, MP+9 Int+2}
   (You found it on level 3 of the Dungeon)

   Int:       It affects your intelligence (+2).
   MP:        It affects your magic capacity (+9).
Armour
 n - a +0 scale mail of poison resistance
 q - the +1 leather armour "Hisutu Bohua" (worn) {rPois Regen+ Int+2}
   (You found it on level 3 of the Dungeon)

   Int:       It affects your intelligence (+2).
   rPois:     It protects you from poison.
   Regen:     It increases your rate of health regeneration.
Magical Staves
 f - a staff of death
Jewellery
 j - a ring of magical power (right hand)
 r - a +6 ring of dexterity (left hand)
Talismans
 g - a beast talisman
Wands
 s - a wand of flame (12)
Scrolls
 d - a scroll of immolation {unknown}
 e - 6 scrolls of identify
 i - a scroll of teleportation
 m - a scroll of vulnerability {unknown}
 o - a scroll of enchant weapon {unknown}
 p - a scroll of poison {unknown}
 t - a scroll of enchant armour {unknown}
Potions
 b - a potion of brilliance {unknown}
 h - 2 potions of might
 k - a potion of magic {unknown}
 l - a potion of mutation {unknown}


   Skills:
 - Level 2.4 Fighting
 * Level 7.0 Ranged Weapons
 - Level 1.5 Dodging
 - Level 0.7 Stealth


You had one spell level left.
You knew the following spells:

 Your Spells              Type           Power      Damage    Failure   Level
a - Passwall              Tmut/Erth      0%         N/A       56%         2
b - Wereblood             Tmut           0%         N/A       56%         2

Your spell library contained the following spells:

 Spells                   Type           Power      Damage    Failure   Level
 Sandblast                Erth           0%         2d4       41%         1
 Sublimation of Blood     Necr           0%         N/A       56%         2
 Stone Arrow              Conj/Erth      0%         3d7       80%         3
 Animate Dead             Necr           0%         N/A       99%         4
 Borgnjor's Vile Clutch   Necr/Erth      0%         N/A       100%        5
 Death Channel            Necr           0%         N/A       100%        6
 Summon Hydra             Summ           0%         N/A       100%        7


Dungeon Overview and Level Annotations

Branches:
Dungeon (4/15)             Temple (0/1) D:4

Altars:
Qazlal
Uskayaw
Xom

Annotations:
D:3 1 runed translucent door, Mahakala's ghost, amateur SpEn; Pikel
D:4 Menkaure


Message History

Confirm with . or Enter, or press ? or * to list all spells.
Okay, then.
You shoot an arrow. The arrow barely misses the lemure.
The lemure hits you.
* * * LOW HITPOINT WARNING * * *
Okay, then.
Okay, then.
You shoot an arrow.
The arrow hits the lemure but does no damage.
The lemure is moderately wounded.
The lemure barely misses you. x2
You shoot an arrow. The arrow hits the lemure.
The lemure is moderately wounded.
The lemure hits you.
* * * LOW HITPOINT WARNING * * *
You shoot an arrow.
The arrow hits the lemure but does no damage.
The lemure is moderately wounded.
The lemure hits you but does no damage.
You shoot an arrow. The arrow hits the lemure.
The lemure is heavily wounded.
The lemure closely misses you.
You shoot an arrow.
The arrow hits the lemure but does no damage.
The lemure is heavily wounded.
The lemure hits you.
* * * LOW HITPOINT WARNING * * *
You shoot an arrow. The arrow barely misses the lemure.
The lemure barely misses you.
You shoot an arrow. The arrow barely misses the lemure.
The lemure barely misses you.
You shoot an arrow. The arrow closely misses the lemure.
The lemure hits you.
* * * LOW HITPOINT WARNING * * *
You shoot an arrow. The arrow closely misses the lemure.
The lemure hits you but does no damage.
You shoot an arrow.
The arrow hits the lemure but does no damage.
The lemure is heavily wounded.
The lemure hits you!
You die...
Xom roars with laughter!

....#...........#.# .......
...###............# ......
...##.........###.##....##
...............##.#....##
.....#.................# .
...............###<.#.....
......##.......# ##.#....#
....##.........###.........
.......#........@5.........
..##...#..................#
.............#.............
##.#...................###.
...#.....................
...#.....................#
..).......................
....#...................
....#.....##....


You could see a lemure.

Vanquished Creatures
  2 lemures (D:4)
  A phantom (D:4)
  Blork the orc (D:4)
  A jelly (D:4)
  Ijyb (D:4)
  3 gnolls
  6 adders
  A worm (D:2)
  A dart slug (D:1)
  9 orcs (D:3)
  A bat (D:1)
  6 endoplasms
  2 giant cockroaches
  5 goblins
  A hobgoblin (D:1)
  2 quokkas
  8 ball pythons
  6 frilled lizards
  8 kobolds
  4 rats
69 creatures vanquished.

Notes
Turn   | Place    | Note
-------+----------+-------------------------------------------
     0 | D:1      | BrainTurd the Hill Orc Hunter began the quest for the Orb.
     0 | D:1      | Reached XP level 1. HP: 18/18 MP: 1/1
    87 | D:1      | Reached skill level 4 in Ranged Weapons
    87 | D:1      | Reached XP level 2. HP: 25/25 MP: 2/2
   223 | D:1      | You fall into a shaft and drop 1 floor!
   403 | D:2      | Reached XP level 3. HP: 30/30 MP: 3/3
   938 | D:3      | Noticed a +0 short sword
   939 | D:3      | Noticed a +0 spear
  1015 | D:3      | Reached skill level 5 in Ranged Weapons
  1018 | D:3      | Reached XP level 4. HP: 37/37 MP: 4/4
  1162 | D:3      | Found a faded altar of an unknown god.
  1437 | D:3      | Found a shimmering altar of Xom.
  1473 | D:3      | Identified the +1 leather armour "Hisutu Bohua" {rPois
                  | Regen+ Int+2}
  1480 | D:3      | Became a worshipper of Xom the Less-Predictable
  1502 | D:3      | Identified the +12 dagger "Leuv" {heavy, MP+9 Int+2}
  1570 | D:3      | Found a runed translucent door.
  1575 | D:3      | Noticed Mahakala's ghost (amateur SpEn)
  1600 | D:3      | Noticed a +0 spear
  1602 | D:3      | Noticed a +0 falchion
  1604 | D:3      | Noticed a +0 falchion
  1607 | D:3      | Noticed a +0 dagger
  1608 | D:3      | Noticed a +0 short sword
  1609 | D:3      | Noticed a +0 dagger
  1650 | D:3      | XOM: silly message
  1690 | D:3      | Found a hide-covered altar of Uskayaw.
  1760 | D:3      | Found a stormy altar of Qazlal.
  1810 | D:3      | Reached XP level 5. HP: 42/42 MP: 5/5
  1827 | D:3      | HP: 2/42 [orc priest/divine providence (7)]
  1828 | D:3      | Fell from the grace of Xom
  1828 | D:3      | Became a worshipper of Beogh the Brigand
  1931 | D:4      | Noticed Ijyb
  1937 | D:4      | Killed Ijyb
  1959 | D:4      | Noticed Blork the orc
  2021 | D:4      | Noticed a lemure
  2021 | D:4      | Noticed a lemure
  2138 | D:4      | Reached skill level 6 in Ranged Weapons
  2173 | D:4      | Noticed Menkaure
  2179 | D:4      | XOM: stat loss: -1 Str (13/14)
  2259 | D:4      | Found a staircase to the Ecumenical Temple.
  2334 | D:4      | Noticed Pikel
  2365 | D:4      | Killed a lemure
  2409 | D:4      | Noticed a lemure
  2411 | D:4      | XOM: enchant monster (bad)
  2455 | D:4      | Noticed a phantom
  2470 | D:4      | Killed a phantom
  2470 | D:4      | HP: 1/42 [Blork the orc/+0 trident (5)]
  2471 | D:4      | Reached XP level 6. HP: 2/50 MP: 6/6
  2534 | D:4      | Killed Blork the orc
  2535 | D:4      | Reached skill level 7 in Ranged Weapons
  2595 | D:4      | Learned a level 2 spell: Passwall
  2598 | D:4      | Learned a level 2 spell: Wereblood
  2711 | D:4      | Slain by a lemure

Illustrated notes

Levels and vault maps discovered:
D:1:      matt_arrival_refuge, layout_loops_cross, serial_shops,
          nicolae_shop_window_shopping, minmay_misc_feat_cross,
          grunt_decor_junction
D:2:      layout_loops_cross, nicolae_concentric_dashed_squares_wild
D:3:      layout_rooms, marbit_many_paths, amcnicky_altar_gilded,
          nicolae_uskayaw_en_pointe, ebering_ghost_reflecting_pool,
          shapermc_ecumenical_altar_gd
D:4:      layout_cave_pools, minmay_temple_entry_crystal_x, serial_column_ruins,
          column_ruins_open_tiny, column_ruins_corridor_straight,
          column_ruins_open_tiny, column_ruins_open_medium, uniq_ijyb,
          uniq_menkaure, uniq_pikel, uniq_blork_the_orc

Skill      XL: |  1  2  3  4  5  6 |
---------------+-------------------+-----
Ranged Weapons | 4 5 6 7 |  7.0
Fighting       | |  2.4
Dodging        | |  1.5
Stealth        | |  0.7

Action                     |  1- 3 |  4- 6 || total
---------------------------+-------+-------++-------
   Fire: Shortbow          |    78 |   216 ||   294
   Cast: Wereblood         |       |     2 ||     2
 Invoke: Convert to Beogh  |       |     1 ||     1
    Use: Scroll            |       |     5 ||     5
         Potion            |       |     1 ||     1
 Armour: Leather armour    |       |    27 ||    27
  Dodge: Dodged            |     3 |    91 ||    94
   Form: Beast             |     2 |       ||     2
                           |     2 |       ||     2

Table legend: (Time is in decaauts)
 A = Elapsed time spent in this place.
 B = Non-inter-level travel time spent in this place.
 C = Inter-level travel time spent in this place.
 D = Time resting spent in this place.
 E = Time spent auto-exploring this place.
 F = Levels seen in this place.
 G = Mean time per level.
                   A        B        C        D        E       F      G
               +--------+--------+--------+--------+--------+-----+--------+
         Total |   2762 |   2509 |    253 |    216 |   1453 |   4 |  690.5 |
       Dungeon |   2762 |   2509 |    253 |    216 |   1453 |   4 |  690.5 |
               +--------+--------+--------+--------+--------+-----+--------+

Top non-repeatable levels by time:
     D:3: 1198 daAuts
     D:2: 779 daAuts
     D:4: 556 daAuts
     D:1: 229 daAuts
